 Dungeon Crawl Stone Soup version 0.26-a0-753-g4680b4fa2e (webtiles) character file.

Game seed: 3929899432976577872

1357 Queen the Slasher (level 8, -8/71 HPs)
             Began as a Minotaur Gladiator on Nov 7, 2020.
             Was an Initiate of Ashenzari.
             Mangled by a boulder beetle (51 damage)
             ... on level 5 of the Dungeon.
             The game lasted 00:16:21 (4894 turns).

Queen the Slasher (Minotaur Gladiator)              Turns: 4894, Time: 00:16:22

Health: -8/71      AC: 16    Str: 21    XL:     8   Next: 37%
Magic:  7/7        EV:  5    Int:  5    God:    Ashenzari [......]
Gold:   300        SH:  5    Dex: 12    Spells: 7/7 levels left

rFire    . . .     SeeInvis .   a - +0 long sword
rCold    + . .     Faith    .   h - +0 buckler
rNeg     . . .     Spirit   .   w - +0 crystal plate armour (curse)
rPois    .         Reflect  .   c - +0 hat
rElec    .         Harm     .   (no cloak)
rCorr    .         Rampage  .   m - +0 pair of gloves
MR       .....                  (no boots)
Stlth    ..........             k - amulet of regeneration
HPRegen  0.61/turn              j - ring of protection from cold
MPRegen  0.10/turn              p - ring of stealth

@: no status effects
A: retaliatory headbutt, horns 2
a: Curse Item, Renounce Religion


You were on level 5 of the Dungeon.
You worshipped Ashenzari.
Ashenzari was noncommittal.
You visited 1 branch of the dungeon, and saw 6 of its levels.

You collected 300 gold pieces.

Inventory:

Hand Weapons
 a - a +0 long sword (weapon)
Missiles
 d - 3 throwing nets (quivered)
Armour
 c - a +0 hat (worn)
 h - a +0 buckler (worn)
 m - a +0 pair of gloves (worn)
 w - a cursed +0 crystal plate armour (worn)
Jewellery
 j - a ring of protection from cold (left hand)
 k - an amulet of regeneration (around neck)
 p - a ring of stealth (right hand)
Wands
 u - a wand of flame (20)
Scrolls
 f - 5 scrolls of remove curse
 g - 2 scrolls of teleportation
 l - a scroll of enchant weapon
 v - 2 scrolls of fear
 x - a scroll of brand weapon
Potions
 b - 2 potions of lignification {unknown}
 e - a potion of haste {unknown}
 i - 2 potions of invisibility {unknown}
 n - 2 potions of brilliance {unknown}
 o - a potion of cancellation {unknown}
 q - 3 potions of curing {unknown}
 r - 2 potions of berserk rage
 t - a potion of mutation {unknown}


   Skills:
 + Level 6.6 Fighting
 + Level 7.6 Long Blades
 - Level 2.0 Throwing
 * Level 2.9 Armour
 + Level 6.5 Dodging
 - Level 4.0 Shields


You had 7 spell levels left.
You didn't know any spells.
Your spell library was empty.

Dungeon Overview and Level Annotations

Branches:
Dungeon (6/15)             Temple (0/1) D:6

Altars:
Ashenzari
Elyvilon
Fedhas
Gozag
Makhleb
Yredelemnul

Annotations:
D:3 Sigmund
D:5 rolling bug, exclusion: 2 doors


Innate Abilities, Weirdness & Mutations

You reflexively headbutt those who attack you in melee.
You have a pair of horns on your head.


Message History

Level annotation: rolling bug, exclusion: 2 doors Reactivating autopickup.
There is a stone staircase leading down, spattered with blood here.
You see here a +0 dagger.
You hit the orc warrior but do no damage.
Your headbutt misses the orc warrior.
The orc warrior is moderately wounded.
The orc warrior hits you with a +0 mace!
The boulder beetle curls into a ball and begins rolling!
You hit the orc warrior but do no damage.
The orc warrior is moderately wounded.
You block the orc warrior's attack.
You closely miss the orc warrior. Your headbutt misses the orc warrior.
The orc warrior is moderately wounded.
You block the orc warrior's attack.
Your crystal plate armour prevents you from hitting the orc warrior.
The orc warrior is moderately wounded.
The boulder beetle hits you!!!
Ouch! That really hurt!
You die...

#...# #.# #.#.##.#.# ##### #...#
#.###.#..#.#.# #...# #...#
#.#........#.#
#...####...###.#.#.##.###.#
+...'..'....##.#.#.....######
#...####....##.#.###...##.#.#####
#...# ##....##.#.......##.#.#.#.#
#######......°.######..#_........
#.............°B@o.[...#.........
..#####......########..##.#.#.#.#
#######......# #..##8#_#_#_#
.............# #..##########
######.####### #....########
#)...#.# #............ #.##.#.#
######........## #.##.#.#
#.............# .....#.#
#.............#


You could see a boulder beetle and an orc warrior.

Vanquished Creatures
  Pikel (D:4)
  Duvessa (D:5)
  A sky beast (D:5)
  An ice beast (D:5)
  3 lemures (D:3)
  Dowan (D:5)
  A scorpion (D:5)
  3 jellies
  A hound (D:6)
  4 orc wizards
  A bullfrog skeleton (D:5)
  An iguana (D:6)
  3 worker ants
  3 adders
  2 white imps
  An ufetubus (D:5)
  3 oozes
  3 worms
  3 dart slugs
  2 leopard geckos
  14 orcs
  4 bats
  4 giant cockroaches
  12 goblins
  12 hobgoblins
  14 jackals
  2 quokkas (D:5)
  A ball python (D:5)
  8 frilled lizards
  11 kobolds
  3 rats
124 creatures vanquished.

Notes
Turn   | Place    | Note
-------+----------+-------------------------------------------
     0 | D:1      | Queen the Minotaur Gladiator began the quest for the Orb.
     0 | D:1      | Reached XP level 1. HP: 18/18 MP: 0/0
   441 | D:1      | Reached XP level 2. HP: 25/25 MP: 1/1
   513 | D:1      | Reached skill level 4 in Long Blades
   779 | D:1      | Reached XP level 3. HP: 23/31 MP: 2/2
   859 | D:1      | Reached skill level 1 in Shields
  1419 | D:2      | Reached XP level 4. HP: 38/38 MP: 3/3
  1437 | D:2      | You fall into a shaft and drop 1 floor!
  2282 | D:3      | Reached XP level 5. HP: 36/46 MP: 4/4
  2306 | D:3      | Found a blossoming altar of Fedhas.
  2548 | D:3      | Noticed Sigmund
  2724 | D:4      | Found a broken altar of Ashenzari.
  2836 | D:4      | Became a worshipper of Ashenzari the Shackled
  2929 | D:4      | Noticed a lemure
  2929 | D:4      | Noticed a lemure
  2929 | D:4      | Noticed a lemure
  2948 | D:3      | Killed a lemure
  3005 | D:3      | Killed a lemure
  3064 | D:3      | Killed a lemure
  3121 | D:4      | Noticed Pikel
  3128 | D:4      | Noticed a lemure
  3138 | D:4      | Killed Pikel
  3138 | D:4      | Reached skill level 5 in Fighting
  3138 | D:4      | Reached skill level 6 in Long Blades
  3138 | D:4      | Reached skill level 5 in Dodging
  3138 | D:4      | Reached XP level 6. HP: 41/56 MP: 5/5
  3138 | D:4      | Reached XP level 7. HP: 45/61 MP: 6/6
  3217 | D:4      | Found a burning altar of Makhleb.
  3662 | D:5      | Entered Level 5 of the Dungeon
  3848 | D:5      | Noticed Dowan
  3848 | D:5      | Noticed Duvessa
  4012 | D:5      | Killed Duvessa
  4039 | D:5      | Killed Dowan
  4039 | D:5      | Reached skill level 7 in Long Blades
  4204 | D:5      | Reached XP level 8. HP: 70/70 MP: 7/7
  4277 | D:5      | Found a broken altar of Ashenzari.
  4278 | D:5      | Found a white marble altar of Elyvilon.
  4279 | D:5      | Found an opulent altar of Gozag.
  4281 | D:5      | Found a basalt altar of Yredelemnul.
  4438 | D:5      | Reached skill level 1 in Armour
  4559 | D:6      | Noticed a boulder beetle
  4817 | D:6      | Found a staircase to the Ecumenical Temple.
  4894 | D:5      | Mangled by a boulder beetle

Illustrated notes

Levels and vault maps discovered:
D:1:      evilmike_arrival_plus, layout_basic
D:2:      wad_pebble_path, layout_basic, grunt_ministairs_9
D:3:      layout_basic, fedhas_altar_2, uniq_sigmund
D:4:      layout_basic, bloody_makhleb, ashenzari_altar_1, uniq_pikel
D:5:      layout_basic, minitemple, nrook_loot_triangle, uniq_duvessa
D:6:      layout_rooms, nicolae_ru_sacrificial_ziggurat, temple_hall,
          minmay_manual_mess, uniq_blork_the_orc, uniq_crazy_yiuf_cottage,
          uniq_edmund

Skill      XL: |  1  2  3  4  5  6  7  8 |
---------------+-------------------------+-----
Long Blades    | 4 6 7 |  7.6
Fighting       | 3 5 6 |  6.6
Shields        | 1 2 4 |  4.0
Dodging        | 4 5 6 |  6.5
Armour         | 2 |  2.9
Throwing       | |  2.0

Action                   |  1- 3 |  4- 6 |  7- 9 || total
-------------------------+-------+-------+-------++-------
Melee: Long sword        |    74 |   109 |   167 ||   350
       Headbutt          |    16 |    24 |    34 ||    74
  Use: Scroll            |       |       |     4 ||     4
 Stab: Sleeping          |       |       |     2 ||     2
Armor: Leather armour    |     6 |     6 |       ||    12
       Ring mail         |       |    19 |    18 ||    37
       Crystal plate arm |       |       |    66 ||    66
Dodge: Dodged            |    40 |    56 |    49 ||   145
Block: Buckler           |     4 |    18 |    36 ||    58
       Rpst.: Long sword |    11 |    12 |    13 ||    36

Table legend: (Time is in decaauts)
 A = Elapsed time spent in this place.
 B = Non-inter-level travel time spent in this place.
 C = Inter-level travel time spent in this place.
 D = Time resting spent in this place.
 E = Time spent auto-exploring this place.
 F = Levels seen in this place.
 G = Mean time per level.
                   A        B        C        D        E       F      G
               +--------+--------+--------+--------+--------+-----+--------+
         Total |   4945 |   4756 |    189 |   1019 |   2474 |   6 |  824.2 |
       Dungeon |   4945 |   4756 |    189 |   1019 |   2474 |   6 |  824.2 |
               +--------+--------+--------+--------+--------+-----+--------+

Top non-repeatable levels by time:
     D:1: 1051 daAuts
     D:2: 991 daAuts
     D:5: 901 daAuts
     D:4: 857 daAuts
     D:3: 800 daAuts
     D:6: 343 daAuts
